 Dungeon Crawl Stone Soup version 0.21.1-1-g345015f (webtiles) character file.

210 selamuse the Ruffian (level 5, -16/53 HPs)
             Began as a Troll Berserker on Mar 17, 2018.
             Was an Initiate of Qazlal.
             Demolished by rawrhax's ghost (17 damage)
             ... on level 4 of the Dungeon on Mar 18, 2018.
             The game lasted 00:18:42 (2895 turns).

selamuse the Ruffian (Troll Berserker)              Turns: 2895, Time: 00:18:43

Health: -16/53     AC:  6    Str: 26    XL:     5   Next: 56%
Magic:  4/4        EV: 10    Int:  3    God:    Qazlal [......]
Gold:   127        SH:  0    Dex:  9    Spells: 4/4 levels left

rFire    . . .     SeeInvis .   p - +1 short sword (venom)
rCold    . . .     Gourm    +   (no shield)
rNeg     . . .     Faith    .   a - +1 animal skin
rPois    .         Spirit   .   (helmet restricted)
rElec    .         Reflect  .   (no cloak)
rCorr    .         Harm     .   (gloves unavailable)
MR       .....                  (boots unavailable)
Stlth    +.........             d - amulet of rage
HPRegen  0.57/turn              (no ring)
MPRegen  0.09/turn              (no ring)

@: no status effects
A: large, unfitting armour, claws 3, fast metabolism 3, gourmand, regeneration
1, shaggy fur 1, tough skin 2
a: Renounce Religion, Evoke Berserk Rage


You were on level 4 of the Dungeon.
You worshipped Qazlal.
Qazlal was noncommittal.
You were not hungry.

You visited 1 branch of the dungeon, and saw 4 of its levels.

You collected 127 gold pieces.

Inventory:

Hand Weapons
 p - a +1 short sword of venom (weapon)
Armour
 a - a +1 animal skin (worn)
 n - a +2 ring mail of fire resistance
Jewellery
 d - an amulet of rage (around neck)
Wands
 t - a wand of disintegration (7)
Scrolls
 c - 2 scrolls of teleportation
 f - a scroll of magic mapping
 g - a scroll of remove curse
Potions
 e - 2 potions of lignification
 h - a potion of curing
 l - a potion of flight
Comestibles
 b - 6 rations


   Skills:
 + Level 3.0 Fighting
 + Level 3.3 Dodging
 + Level 0.4 Stealth
 + Level 5.0 Unarmed Combat


You had 4 spell levels left.
You didn't know any spells.

Dungeon Overview and Level Annotations

Branches:
Dungeon (4/15)
 Temple: D:4-7

Altars:
Fedhas
Makhleb
Qazlal
Wu Jian

Annotations:
D:4 rawrhax's ghost, amateur MiFi


Innate Abilities, Weirdness & Mutations

You are too large for most types of armour.
You have claws for hands.
Your metabolism is lightning-fast.
You like to eat raw meat.
Your natural rate of healing is unusually fast.
You are covered in fur. (AC +1)
You have very tough skin. (AC +2)


Message History

You hit rawrhax's ghost.
Rawrhax's ghost is lightly damaged.
The bullfrog skeleton hits you but does no damage.
Rawrhax's ghost screams in joy, "As in life, so in death: Kill!
Kill!!
Kill!!!"
Rawrhax's ghost closely misses you.
The bullfrog skeleton closely misses you.
The bullfrog skeleton barely misses you.
The bullfrog skeleton hits you but does no damage.
The bullfrog skeleton hits you but does no damage.
Found a scroll of amnesia.
The bullfrog skeleton hits you but does no damage.
Rawrhax's ghost closely misses you.
The bullfrog skeleton hits you but does no damage.
Rawrhax's ghost hits you!
* * * LOW HITPOINT WARNING * * *
The bullfrog skeleton hits you.
* * * LOW HITPOINT WARNING * * *
The bullfrog skeleton barely misses you.
Rawrhax's ghost hits you!
You die...

##.#. # # #.... .##.
#..W# #.?.. #.#.#
...#.. #.#.#
#....####### #.#.#
#....@W...######.#.###
#..#.#.Z...............
# #####.#.####..##.#
#.....# #..##.# #######
#..##.. ##..##..
#....#.# ##...).#
#...###


You could see rawrhax's ghost and a bullfrog skeleton.

Vanquished Creatures
  An ogre (D:3)
  A worker ant (D:4)
  2 adders (D:2)
  A worm (D:3)
  5 dart slugs
  3 leopard geckos
  3 giant cockroaches
  6 goblins
  10 hobgoblins
  2 jackals (D:1)
  8 kobolds
  A quokka (D:2)
  2 ball pythons
  6 bats
  7 frilled lizards
  A quokka skeleton (D:4)
  7 rats
66 creatures vanquished.

Notes
Turn   | Place    | Note
-------+----------+-------------------------------------------
     0 | D:1      | selamuse the Troll Berserker began the quest for the Orb.
     0 | D:1      | Reached XP level 1. HP: 22/22 MP: 0/0
   210 | D:1      | Reached XP level 2. HP: 26/29 MP: 1/1
   444 | D:1      | Reached XP level 3. HP: 35/36 MP: 2/2
   477 | D:1      | Reached ** piety under Trog
  1000 | D:2      | Found an ornate altar of the Wu Jian Council.
  1466 | D:2      | Reached skill level 4 in Unarmed Combat
  1466 | D:2      | Reached XP level 4. HP: 44/44 MP: 3/3
  1636 | D:3      | Noticed an ogre
  1645 | D:3      | Killed an ogre
  1645 | D:3      | Reached XP level 5. HP: 38/53 MP: 4/4
  1750 | D:3      | Found a faded altar of an unknown god.
  2113 | D:3      | Found a burning altar of Makhleb.
  2113 | D:3      | Found a stormy altar of Qazlal.
  2114 | D:3      | Found a blossoming altar of Fedhas.
  2545 | D:3      | Fell from the grace of Trog
  2545 | D:3      | Became a worshipper of Qazlal Stormbringer
  2829 | D:4      | Reached skill level 5 in Unarmed Combat
  2865 | D:4      | Noticed rawrhax's ghost (amateur MiFi)
  2894 | D:4      | HP: 2/53 [rawrhax's ghost (11)]
  2895 | D:4      | Demolished by rawrhax's ghost

Skill      XL: |  1  2  3  4  5 |
---------------+----------------+-----
Dodging        | 3 |  3.3
Unarmed Combat | 4 5 |  5.0
Fighting       | 3 |  3.0
Stealth        | |  0.4

Action                   |  1- 3 |  4- 6 || total
-------------------------+-------+-------++-------
Melee: Unarmed           |   123 |    33 ||   156
       Punch             |       |     3 ||     3
       Short sword       |       |    22 ||    22
  Use: Scroll            |       |    11 ||    11
       Potion            |       |     5 ||     5
 Stab: Sleeping          |     1 |     2 ||     3
  Eat: Chunk             |    19 |     8 ||    27
Armor: Animal skin       |    43 |    32 ||    75
Dodge: Dodged            |    60 |    43 ||   103
